 Dungeon Crawl Stone Soup version 0.32-a0-384-gdd28848 (webtiles) character file.

Game seed: 8649021091367334037

221 Nithhogg the Covered (level 5, -1/47 HPs)
             Began as a Mountain Dwarf Fighter on Feb 19, 2024.
             Slain by an iguana (8 damage)
             ... on level 4 of the Dungeon.
             The game lasted 00:05:43 (3130 turns).

Nithhogg the Covered (Mountain Dwarf Fighter)       Turns: 3130, Time: 00:05:44

Health: -1/47      AC:  7    Str: 20    XL:     5   Next: 65%
Magic:  7/7        EV:  9    Int:  9    God:
Gold:   129        SH:  0    Dex:  9    Spells: 4/4 levels left

rFire   . . .        a - +0 war axe
rCold   . . .        (no shield)
rNeg    . . .        b - +0 scale mail
rPois   .            (no helmet)
rElec   .            (no cloak)
rCorr   .            (no gloves)
SInv    .            (no boots)
Will    .....        h - amulet of faith Stlth
                     (no ring)
HPRegen 0.27/turn    (no ring)
MPRegen 0.10/turn

%: faith
@: mighty
A: runic magic, artefact enchanting
a: no special abilities


You were on level 4 of the Dungeon.
You visited 1 branch of the dungeon, and saw 4 of its levels.

You collected 129 gold pieces.

Inventory:

Hand Weapons
 a - a +0 war axe (weapon)
 n - the +8 dagger of Linearity {spect, Int+4}
   (You found it on level 3 of the Dungeon)

   Int+4:     It affects your intelligence (+4).
Armour
 b - a +0 scale mail (worn)
 c - a +0 buckler
Jewellery
 e - a ring of magical power
 h - an amulet of faith (around neck)
 l - the ring "Hepneb" {Fire rElec rN+}
   (You found it on level 2 of the Dungeon)

   [ring of fire]

   Fire:      It enhances your fire magic.
   rF+:       It protects you from fire.
   rC-:       It makes you vulnerable to cold.
   rElec:     It insulates you from electricity.
   rN+:       It protects you from negative energy.
Wands
 i - a wand of mindburst (10)
Scrolls
 j - a scroll of silence {unknown}
 k - 2 scrolls of teleportation
 m - a scroll of identify
 q - a scroll of enchant weapon {unknown}
 r - a scroll of poison {unknown}
Potions
 f - a potion of mutation {unknown}
 g - 5 potions of curing
 o - a potion of ambrosia {unknown}
 p - a potion of brilliance {unknown}


   Skills:
 + Level 4.5 Fighting
 + Level 4.0 Axes
 + Level 4.5 Armour
 - Level 3.2 Shields
 + Level 3.5 Invocations


You had 4 spell levels left.
You didn't know any spells.
Your spell library contained the following spells:

 Spells                   Type           Power      Damage    Failure   Level
 Ensorcelled Hibernation  Hex/Ice        0%         N/A       61%         2
 Fugue of the Fallen      Necr           0%         N/A       83%         3
 Anguish                  Hex/Necr       0%         N/A       99%         4
 Animate Dead             Necr           0%         N/A       99%         4
 Borgnjor's Vile Clutch   Necr/Erth      0%         N/A       100%        5
 Death Channel            Necr           0%         N/A       100%        6


Dungeon Overview and Level Annotations

Branches:
Dungeon (4/15)
 Temple: D:4-7

Altars:
Ashenzari
Dithmenos
Elyvilon
Gozag
Sif Muna
Wu Jian
Zin


Innate Abilities, Weirdness & Mutations

Your spellcasting is much less encumbered by armour.
You can use scrolls of enchantment on lesser artefacts.


Message History

You feel very sick.
The orc wizard gestures at you while chanting.
You resist with some effort.
You hit the orc wizard.
The orc wizard is heavily wounded.
You feel very sick. The orc wizard barely misses you.
The orc wizard mumbles some strange words.
The orc wizard flickers and vanishes!
Deactivating autopickup; reactivate with Ctrl-A.
You barely miss something. You barely miss the orc.
You feel very sick. The orc hits you with a +0 club.
Something hits you but does no damage.
The iguana hisses menacingly.
You completely miss something. You closely miss the orc.
You hit the iguana but do no damage.
You feel sick.
The iguana bites you but does no damage.
The orc hits you with a +0 club. Something hits you but does no damage.
You barely miss the iguana. You hit the orc but do no damage.
You barely miss something.
You feel sick. The orc closely misses you. Something hits you.
The iguana misses you. The orc hits you with a +0 club.
The iguana barely misses you. Something hits you.
You feel very mighty all of a sudden.
You feel sick. The orc hits you but does no damage.
The iguana bites you but does no damage.
Something hits you but does no damage.
You slice something!!
Reactivating autopickup.
You feel a bit more experienced.
You closely miss the orc. You hit the iguana.
You feel sick. The orc closely misses you. The iguana bites you!
* * * LOW HITPOINT WARNING * * *
Your Axes skill increases to level 4!
You hit the iguana.
The iguana is severely wounded.
You slash the orc!
You kill the orc!
You feel sick. The iguana bites you.
* * * LOW HITPOINT WARNING * * *
It was a potion of curing.
You feel better. The iguana bites you!
You die...

#### #.....#### #
#...#....## ##
#..#....#.# .####
#.#....#..# .##.##
##....#...# ..#..#
####.....# ....#
#....#...# .... ....#
####.#....#..# ....
....#####..#..#.@).#.#
....
#....#...###...#$l..##
.... #......###
#.....#### ....
##...### #...#.. ....
#.....# #..#... ....
..†#### #.# .?.# #..
..## ## ..#. ##.
.##### ##!.. ## ##...#
#


You could see an iguana.

Vanquished Creatures
  A bombardier beetle (D:4)
  An iguana (D:3)
  An orc wizard (D:4)
  2 adders (D:2)
  2 ribbon worms
  A dart slug (D:3)
  5 orcs
  5 endoplasms
  A giant cockroach (D:3)
  4 goblins
  8 hobgoblins
  6 jackals (D:2)
  5 ball pythons
  6 bats
  4 frilled lizards
  4 kobolds
  6 rats
62 creatures vanquished.

Notes
Turn   | Place    | Note
-------+----------+-------------------------------------------
     0 | D:1      | Nithhogg the Mountain Dwarf Fighter began the quest for the
                  | Orb.
     0 | D:1      | Reached XP level 1. HP: 19/19 MP: 1/1
   101 | D:1      | Reached skill level 1 in Invocations
   114 | D:1      | Reached XP level 2. HP: 21/26 MP: 2/2
   558 | D:1      | Reached XP level 3. HP: 33/33 MP: 4/4
  1210 | D:2      | Reached XP level 4. HP: 37/40 MP: 5/5
  1505 | D:2      | Identified the ring "Hepneb" {Fire rElec rN+}
  1938 | D:3      | Found an opulent altar of Gozag.
  1939 | D:3      | Found a shadowy altar of Dithmenos.
  1941 | D:3      | Found an ornate altar of the Wu Jian Council.
  1941 | D:3      | Found a white marble altar of Elyvilon.
  1942 | D:3      | Found a broken altar of Ashenzari.
  1942 | D:3      | Found a shimmering blue altar of Sif Muna.
  1942 | D:3      | Found a glowing silver altar of Zin.
  2051 | D:3      | Found a faded altar of an unknown god.
  2311 | D:3      | Identified the +8 dagger of Linearity {spect, Int+4}
  2321 | D:3      | Reached XP level 5. HP: 43/46 MP: 7/7
  3129 | D:4      | HP: 2/47 [iguana (5)]
  3130 | D:4      | Slain by an iguana

Illustrated notes

Levels and vault maps discovered:
D:1:      dpeg_arrival_rooms_c, layout_basic
D:2:      layout_loops_ring
D:3:      minmay_inner_zag, layout_loops_cross, grunt_temple_overflow_open,
          shapermc_ecumenical_altar_ellora
D:4:      layout_cave_pods, minmay_misc_feat_cross, minmay_misc_feat_room,
          nicolae_specific_store, minmay_misc_feat_iff, nicolae_alphabet_shops,
          hangedman_decor_diamond_cutter

Skill      XL: |  1  2  3  4  5 |
---------------+----------------+-----
Invocations    | 1 2 3 |  3.5
Axes           | 3 4 |  4.0
Fighting       | 4 |  4.5
Armour         | 4 |  4.5
Shields        | |  3.2

Action                     |  1- 3 |  4- 6 || total
---------------------------+-------+-------++-------
  Melee: War axe           |    72 |   111 ||   183
    Use: Scroll            |       |     3 ||     3
         Potion            |       |     2 ||     2
 Armour: Scale mail        |    69 |   106 ||   175
  Dodge: Dodged            |    29 |    68 ||    97

Table legend: (Time is in decaauts)
 A = Elapsed time spent in this place.
 B = Non-inter-level travel time spent in this place.
 C = Inter-level travel time spent in this place.
 D = Time resting spent in this place.
 E = Time spent auto-exploring this place.
 F = Levels seen in this place.
 G = Mean time per level.
                   A        B        C        D        E       F      G
               +--------+--------+--------+--------+--------+-----+--------+
         Total |   3190 |   3106 |     84 |      0 |   2629 |   4 |  797.5 |
       Dungeon |   3190 |   3106 |     84 |      0 |   2629 |   4 |  797.5 |
               +--------+--------+--------+--------+--------+-----+--------+

Top non-repeatable levels by time:
     D:3: 1055 daAuts
     D:1: 948 daAuts
     D:2: 876 daAuts
     D:4: 310 daAuts
